 Dungeon Sprint DCSS version 0.21-a0-104-g7b58145 (webtiles) character file.

324 Kidiri the Covert (level 6, -5/35 HPs)
             Began as a Spriggan Enchanter on July 6, 2017.
             Slain by a human
             ... wielding a cursed +0 dagger
              (8 damage)
             ... in the Dungeon (Sprint III: "The Ten Rune Challenge").
             The game lasted 00:03:26 (890 turns).

Kidiri the Covert (Spriggan Enchanter)               Turns: 890, Time: 00:03:26

Health: -5/35      AC:  6    Str:  4    XL:     6   Next: 23%
Magic:  11/17      EV: 24    Int: 17    God:
Gold:   15         SH:  0    Dex: 18    Spells: 7/19 levels left

rFire    x . .     SeeInvis +   a - +1 dagger
rCold    + . .     Gourm    .   (shield restricted)
rNeg     . . .     Faith    .   b - +1 robe {MR+}
rPois    .         Spirit   .   (helmet restricted)
rElec    .         Reflect  .   l - +0 cloak
rCorr    .         Harm     .   (gloves unavailable)
MR       +++..     NoTele   +   (boots unavailable)
Stlth    +++++.....             (no amulet)
HPRegen  0.11/turn              k - ring of ice
MPRegen  0.15/turn              (no ring)

@: very quick
A: unfitting armour, molten scales 1, see invisible, herbivore 3, speed 3, magic
resistance 1, robust 1, slow metabolism 2
a: no special abilities


You were in the Dungeon.
You were not hungry.

You visited 1 branch You collected 15 gold pieces.

Inventory:

Hand Weapons
 a - a +1 dagger (weapon)
Armour
 b - a +1 robe of magic resistance (worn)
 l - a +0 cloak (worn)
Jewellery
 k - a ring of ice (left hand)
Scrolls
 j - a scroll of blinking
 m - a scroll of holy word
 n - 2 scrolls of identify
 q - a scroll of torment
 r - a scroll of random uselessness
Potions
 e - 2 potions of curing
 g - a potion of haste
 i - a potion of berserk rage
 p - 4 potions of flight
 s - a potion of mutation
Books
 c - a book of Maledictions

   Spells                             Type                      Level
   a - Corona                         Hexes                        1
   b - Ensorcelled Hibernation        Hexes/Ice                    2
   c - Confuse                        Hexes                        3
   d - Tukima's Dance                 Hexes                        3
   e - Dazzling Spray                 Conjuration/Hexes            3
Comestibles
 d - 2 bread rations
 o - 2 royal jellies


   Skills:
 + Level 2.9 Fighting
 * Level 6.0 Short Blades
 + Level 2.6 Armour
 * Level 8.5 Dodging
 * Level 9.9 Stealth
 * Level 7.4 Spellcasting
 + Level 6.0 Hexes


You had 7 spell levels left.
You knew the following spells:

 Your Spells              Type           Power        Failure   Level  Hunger
a - Corona                Hex            ####...      1%          1    None
b - Ensorcelled Hibernat  Hex/Ice        ###...       4%          2    None
c - Confuse               Hex            ####....     2%          3    ##.....
d - Tukima's Dance        Hex            ####....     2%          3    ##.....
e - Dazzling Spray        Conj/Hex       ###...       10%         3    ##.....


Dungeon Overview and Level Annotations

Branches:
Dungeon (1/1)

Altars:
Cheibriados
Fedhas
Gozag
Hepliaklqana
Makhleb
Nemelex Xobeh
Okawaru
Qazlal
Trog
Uskayaw
Wu Jian
Xom
Beogh
Jiyva
Lugonu


Innate Abilities, Weirdness & Mutations

You are very small and have problems with some larger weapons.
You are too small for most types of armour.
You have supernaturally acute eyesight. (SInv)
You are a herbivore.
You cover ground extremely quickly.
You need consume almost no food.
You are partially covered in molten scales. (AC +2)
You are resistant to hostile enchantments. (MR+)
You are robust. (+10% HP)


Message History

The human hits you with a dagger. The human misses you.
You barely miss the human.
The human is lightly wounded.
The human barely misses you.
You hit the human.
The human is lightly wounded.
The human barely misses you. The human hits you.
You barely miss the human.
The human is lightly wounded.
The human hits you with a dagger!!
Ouch! That really hurt!
* * * LOW HITPOINT WARNING * * *
The human closely misses you.
You hit the human.
The human is lightly wounded.
The human misses you. The human completely misses you.
You hit the human but do no damage.
The human is lightly wounded.
The human hits you with a dagger!
You die...

▓▓▓▓▓ ▓▓▓ +...♣♣♣♣ ♣.#
##### #......♣ ♣.# #___#
#......♣ ♣♣.# #__.
#....≈.♣♣♣..###+#'###+##
#)..≈≈♣.♣.♣.#...pp.....#
#..≈≈≈≈♣♣♣♣.'.⌠.@......#
#..≈≈≈≈≈≈♣..#...######+#
#.≈≈≈≈≈≈....#.⌠.#__#...#
#.≈≈≈≈≈.....#...#_v#...#
#.≈≈≈.......#+###__#...#
#...........# #__#...+
............# #__+...#
▓▓▓▓▓▓▓▓▓▓▓▓▓ ▓▓▓▓▓▓▓▓


You could see 2 humans.

Vanquished Creatures
  A shadow (D)
  A water elemental (D)
  A jelly (D)
  Crazy Yiuf (D)
  Jessica (D)
  A human (D)
  An ooze (D)
  2 rats (D)
9 creatures vanquished.

Vanquished Creatures (others)
  2 draconian scorchers (D)
  6 hellions (D)
  2 yaktaurs (D)
  3 plants (D)
13 creatures vanquished.

Grand Total: 22 creatures vanquished

Notes
Turn   | Place    | Note
-------+----------+-------------------------------------------
     0 | D        | Kidiri the Spriggan Enchanter began the quest for the Orb.
     0 | D        | Reached XP level 1. HP: 9/9 MP: 5/5
     5 | D        | Reached skill level 5 in Stealth
   107 | D        | Noticed Jessica
   115 | D        | Killed a hellion
   115 | D        | Killed a hellion
   122 | D        | Killed Jessica
   122 | D        | Reached skill level 1 in Fighting
   122 | D        | Reached skill level 6 in Stealth
   122 | D        | Reached XP level 2. HP: 5/14 MP: 5/8
   122 | D        | Reached XP level 3. HP: 6/18 MP: 5/9
   146 | D        | Learned a level 2 spell: Ensorcelled Hibernation
   147 | D        | Killed a hellion
   150 | D        | Learned a level 3 spell: Confuse
   151 | D        | Killed a hellion
   154 | D        | Learned a level 3 spell: Tukima's Dance
   202 | D        | Killed a white draconian scorcher
   203 | D        | Killed a white draconian scorcher
   311 | D        | Killed a yaktaur
   333 | D        | Killed a hellion
   340 | D        | Reached skill level 1 in Armour
   340 | D        | Reached skill level 5 in Dodging
   344 | D        | Killed a hellion
   356 | D        | Killed a yaktaur
   387 | D        | Noticed Crazy Yiuf
   394 | D        | Killed Crazy Yiuf
   394 | D        | Reached skill level 7 in Stealth
   394 | D        | Reached skill level 5 in Spellcasting
   394 | D        | Reached XP level 4. HP: 22/22 MP: 4/12
   424 | D        | Learned a level 3 spell: Dazzling Spray
   424 | D        | Gained mutation: You have sharp toenails. [potion of mutation]
   424 | D        | Gained mutation: Your muscles are strong. (Str +2) [potion of mutation]
   424 | D        | Gained mutation: Potions are less effective at restoring your health. [potion of mutation]
   424 | D        | Gained mutation: You are partially covered in rugged brown scales. (AC +1, +3% HP) [potion of mutation]
   425 | D        | Lost mutation: You have sharp toenails. [potion of mutation]
   425 | D        | Lost mutation: Potions are less effective at restoring your health. [potion of mutation]
   425 | D        | Lost mutation: Your muscles are strong. (Str +2) [potion of mutation]
   425 | D        | Lost mutation: You are partially covered in rugged brown scales. (AC +1, +3% HP) [potion of mutation]
   425 | D        | Gained mutation: You occasionally shout uncontrollably at your foes. [potion of mutation]
   425 | D        | Gained mutation: You sometimes yell uncontrollably at your foes. [potion of mutation]
   425 | D        | Gained mutation: You have large cloven feet. [potion of mutation]
   426 | D        | Lost mutation: You sometimes yell uncontrollably at your foes. [potion of mutation]
   426 | D        | Lost mutation: You occasionally shout uncontrollably at your foes. [potion of mutation]
   426 | D        | Lost mutation: You have large cloven feet. [potion of mutation]
   426 | D        | Gained mutation: You are partially covered in molten scales. (AC +2) [potion of mutation]
   426 | D        | Gained mutation: You are resistant to hostile enchantments. (MR+) [potion of mutation]
   426 | D        | Gained mutation: You are robust. (+10% HP) [potion of mutation]
   467 | D        | Noticed a water elemental
   470 | D        | Killed a water elemental
   470 | D        | Reached skill level 8 in Stealth
   470 | D        | Reached skill level 5 in Hexes
   470 | D        | Reached XP level 5. HP: 28/28 MP: 14/14
   480 | D        | Noticed a shadow
   507 | D        | Killed a shadow
   507 | D        | Reached skill level 9 in Stealth
   507 | D        | Reached XP level 6. HP: 20/35 MP: 2/17
   644 | D        | Found a blossoming altar of Fedhas.
   644 | D        | Found a stormy altar of Qazlal.
   644 | D        | Found a snail-covered altar of Cheibriados.
   644 | D        | Found a burning altar of Makhleb.
   644 | D        | Found a shimmering altar of Xom.
   644 | D        | Noticed a spatial vortex
   645 | D        | Found a hazy altar of Hepliaklqana.
   645 | D        | Found an opulent altar of Gozag.
   645 | D        | Found a sparkling altar of Nemelex Xobeh.
   645 | D        | Found a corrupted altar of Lugonu.
   645 | D        | Found a viscous altar of Jiyva.
   874 | D        | Found an ornate altar of the Wu Jian Council.
   874 | D        | Found a roughly hewn altar of Beogh.
   874 | D        | Found an iron altar of Okawaru.
   874 | D        | Found a bloodstained altar of Trog.
   874 | D        | Found a hide-covered altar of Uskayaw.
   874 | D        | Noticed a human
   876 | D        | Noticed a human
   890 | D        | Slain by a human

Vault maps used:
D:        dungeon_sprint_mu

Skill      XL: |  1  2  3  4  5 |
---------------+----------------+-----
Stealth        | 6 7 8 9 |  9.9
Spellcasting   | 4 5 7 |  7.4
Fighting       | 1 2 |  2.9
Short Blades   | 2 3 4 6 |  6.0
Dodging        | 4 5 6 8 |  8.5
Hexes          | 4 5 6 |  6.0
Armour         | 1 2 |  2.6

Action                   |  1- 3 |  4- 6 || total
-------------------------+-------+-------++-------
Melee: Dagger            |    29 |    18 ||    47
 Cast: Corona            |     1 |       ||     1
       Ensorcelled Hiber |     4 |     2 ||     6
       Confuse           |     1 |       ||     1
       Dazzling Spray    |       |    16 ||    16
  Use: Potion            |       |     6 ||     6
       Scroll            |       |     3 ||     3
 Stab: Sleeping          |     3 |     1 ||     4
       Confused          |     1 |       ||     1
Armor: Robe              |     1 |     1 ||     2
Dodge: Dodged            |    22 |    26 ||    48
